TOP OF THE 1ST |
---|
Scottsdale Scorpions batting - Pitching for Pensacola Pilots : LHP Paul Mallette | Pitching: LHP Paul Mallette | | Batting: RHB Manny Moreno | 0-0: Ball 1-0: Fly out, F8 (Flyball, 8LD) | Batting: RHB José Martínez | 0-0: Ball 1-0: Foul Ball, location: 2F 1-1: SINGLE (Line Drive, 6D) | Batting: SHB Juan Gonzáles | 0-0: Ball 1-0: Swinging Strike 1-1: Ball 2-1: Ball 3-1: Fly out, F9 (Flyball, 9S) | Batting: RHB Ronald Smith | 0-0: Ball 1-0: Ball 2-0: Fielders Choice at 2nd, 5-4 (Groundball, 5) | Top of the 1st over - 0 runs, 1 hit, 0 errors, 1 left on base; Scottsdale 0 - Pensacola 0 | BOTTOM OF THE 1ST |
---|
Pensacola Pilots batting - Pitching for Scottsdale Scorpions : LHP Perry Harris | Pitching: LHP Perry Harris | | Batting: SHB Carlos González | 0-0: Ball 1-0: Called Strike 1-1: Ball 2-1: Foul Ball, location: 2F 2-2: Strikes out swinging | Batting: RHB Tony Pulla | 0-0: Ball 1-0: Ball 2-0: Ball 3-0: Called Strike 3-1: Called Strike 3-2: Strikes out swinging | Batting: RHB Albert Morán | 0-0: Foul Ball, location: 2F 0-1: SINGLE (Flyball, 78S) | Batting: LHB Freddy Torres | 0-0: Foul Ball, location: 2F 0-1: Called Strike 0-2: Ball Albert Morán steals 2nd base 1-2: Foul Ball, location: 2F 1-2: Ball 2-2: Strikes out swinging | Bottom of the 1st over - 0 runs, 1 hit, 0 errors, 1 left on base; Scottsdale 0 - Pensacola 0 | TOP OF THE 2ND |
---|
Scottsdale Scorpions batting - Pitching for Pensacola Pilots : LHP Paul Mallette | Batting: LHB Manny Vigil | 0-0: Foul Ball, location: 2F 0-1: Foul Ball, location: 2F 0-2: Strikes out swinging | Batting: RHB Derek Hartman | 0-0: SINGLE (Line Drive, 7LM) | Batting: RHB Robinson Fernández | 0-0: Ball 1-0: Fly out, F9 (Flyball, 9S) | Batting: RHB Daniel Bennett | 0-0: Ball 1-0: Foul Ball, location: 2F 1-1: Foul Ball, location: 2F 1-2: Ball 2-2: Strikes out swinging | Top of the 2nd over - 0 runs, 1 hit, 0 errors, 1 left on base; Scottsdale 0 - Pensacola 0 | BOTTOM OF THE 2ND |
---|
Pensacola Pilots batting - Pitching for Scottsdale Scorpions : LHP Perry Harris | Batting: RHB Pietro Ciccoritti | 0-0: Ground out U3 (Groundball, 34S) | Batting: RHB Jim Doyle | 0-0: Swinging Strike 0-1: Swinging Strike 0-2: Ball 1-2: Strikes out looking | Batting: RHB Felipe Palácios | 0-0: Called Strike 0-1: Called Strike 0-2: Ball 1-2: Strikes out looking | Bottom of the 2nd over - 0 runs, 0 hits, 0 errors, 0 left on base; Scottsdale 0 - Pensacola 0 | TOP OF THE 3RD |
---|
Scottsdale Scorpions batting - Pitching for Pensacola Pilots : LHP Paul Mallette | Batting: RHB Alan Evans | 0-0: Ball 1-0: Foul Ball, location: 2F 1-1: Called Strike 1-2: Strikes out swinging | Batting: RHB Manny Moreno | 0-0: Ball 1-0: Ground out 5-3 (Groundball, 5) | Batting: RHB José Martínez | 0-0: Foul Ball, location: 2F 0-1: Ground out 6-3 (Groundball, 6) | Top of the 3rd over - 0 runs, 0 hits, 0 errors, 0 left on base; Scottsdale 0 - Pensacola 0 | BOTTOM OF THE 3RD |
---|
Pensacola Pilots batting - Pitching for Scottsdale Scorpions : LHP Perry Harris | Batting: RHB Carson Allen | 0-0: Swinging Strike 0-1: Called Strike 0-2: Ball 1-2: Foul Ball, location: 2F 1-2: Foul Ball, location: 2F 1-2: Ball 2-2: Ball 3-2: Foul Ball, location: 2F 3-2: Foul Ball, location: 2F 3-2: Ground out 4-3 (Groundball, 4M) | Batting: SHB Jack Hendrix | 0-0: Ball 1-0: Called Strike 1-1: Ball 2-1: Ball 3-1: Foul Ball, location: 2F 3-2: Base on Balls | Batting: SHB Carlos González | 0-0: Called Strike 0-1: Swinging Strike 0-2: Ground out 4-3 (Groundball, 4S) Jack Hendrix to second | Batting: RHB Tony Pulla | 0-0: Ball 1-0: Called Strike 1-1: Fly out, F8 (Flyball, 8LD) | Bottom of the 3rd over - 0 runs, 0 hits, 0 errors, 1 left on base; Scottsdale 0 - Pensacola 0 | TOP OF THE 4TH |
---|
Scottsdale Scorpions batting - Pitching for Pensacola Pilots : LHP Paul Mallette | Batting: SHB Juan Gonzáles | 0-0: Called Strike 0-1: Swinging Strike 0-2: Ground out U3 (Groundball, 34) | Batting: RHB Ronald Smith | 0-0: Ground out 4-3 (Groundball, 4) | Batting: LHB Manny Vigil | 0-0: Called Strike 0-1: Called Strike 0-2: Fly out, F8 (Flyball, 8RM) | Top of the 4th over - 0 runs, 0 hits, 0 errors, 0 left on base; Scottsdale 0 - Pensacola 0 | BOTTOM OF THE 4TH |
---|
Pensacola Pilots batting - Pitching for Scottsdale Scorpions : LHP Perry Harris | Batting: RHB Albert Morán | 0-0: Ball 1-0: Swinging Strike 1-1: Fly out, F7 (Flyball, 7LM) | Batting: LHB Freddy Torres | 0-0: Ball 1-0: Fly out, F9 (Flyball, 89S) | Batting: RHB Pietro Ciccoritti | 0-0: Called Strike 0-1: Foul Ball, location: 2F 0-2: Strikes out looking | Bottom of the 4th over - 0 runs, 0 hits, 0 errors, 0 left on base; Scottsdale 0 - Pensacola 0 | TOP OF THE 5TH |
---|
Scottsdale Scorpions batting - Pitching for Pensacola Pilots : LHP Paul Mallette | Batting: RHB Derek Hartman | 0-0: Swinging Strike 0-1: Ball 1-1: Called Strike 1-2: Ball 2-2: Ball 3-2: Base on Balls | Batting: RHB Robinson Fernández | 0-0: Fly out, F9 (Line Drive, 9D) | Batting: RHB Daniel Bennett | 0-0: Called Strike 0-1: DOUBLE (Line Drive, 7LM) Derek Hartman to third Runner from 3rd tries for Home, SAFE, no throw | Batting: RHB Alan Evans | 0-0: Swinging Strike 0-1: Ball 1-1: Ball 2-1: Fly out, F4 (Popup, 4) | Batting: RHB Manny Moreno | 0-0: SINGLE (Line Drive, 56) Daniel Bennett to third Runner from 3rd tries for Home, SAFE, no throw | Batting: RHB José Martínez | 0-0: Ball 1-0: Ball 2-0: Called Strike 2-1: Called Strike 2-2: Ball 3-2: Strikes out swinging | Top of the 5th over - 2 runs, 2 hits, 0 errors, 1 left on base; Scottsdale 2 - Pensacola 0 | BOTTOM OF THE 5TH |
---|
Pensacola Pilots batting - Pitching for Scottsdale Scorpions : LHP Perry Harris | Batting: RHB Jim Doyle | 0-0: Foul Ball, location: 2F 0-1: Ground out 6-3 (Groundball, 6) | Batting: RHB Felipe Palácios | 0-0: Foul Ball, location: 2F 0-1: Swinging Strike 0-2: Ground out U3 (Groundball, 34) | Batting: RHB Carson Allen | 0-0: Ball 1-0: Ball 2-0: Ball 3-0: Called Strike 3-1: Base on Balls | Batting: SHB Jack Hendrix | 0-0: Foul Ball, location: 2F 0-1: Foul Ball, location: 2F 0-2: Strikes out looking | Bottom of the 5th over - 0 runs, 0 hits, 0 errors, 1 left on base; Scottsdale 2 - Pensacola 0 | TOP OF THE 6TH |
---|
Scottsdale Scorpions batting - Pitching for Pensacola Pilots : LHP Paul Mallette | Batting: SHB Juan Gonzáles | 0-0: Ball 1-0: Foul Ball, location: 2F 1-1: Ball 2-1: Swinging Strike 2-2: SINGLE (Line Drive, 6M) | Batting: RHB Ronald Smith | 0-0: Foul Ball, location: 2F 0-1: Ball 1-1: Called Strike 1-2: Fly out, F9 (Line Drive, 89D) | Batting: LHB Manny Vigil | 0-0: Ball 1-0: Called Strike 1-1: Ball 2-1: Fielders Choice at 2nd, 4-6 (Groundball, 4) | Batting: RHB Derek Hartman | 0-0: Swinging Strike 0-1: Called Strike 0-2: Foul Ball, location: 2F 0-2: Strikes out swinging | Top of the 6th over - 0 runs, 1 hit, 0 errors, 1 left on base; Scottsdale 2 - Pensacola 0 | BOTTOM OF THE 6TH |
---|
Pensacola Pilots batting - Pitching for Scottsdale Scorpions : LHP Perry Harris | Batting: SHB Carlos González | 0-0: Called Strike 0-1: Ball 1-1: Swinging Strike 1-2: Ground out 6-3 (Groundball, 6) | Batting: RHB Tony Pulla | 0-0: Ball 1-0: Called Strike 1-1: Ball 2-1: Called Strike 2-2: Ball 3-2: SINGLE (Line Drive, 7S) | Batting: RHB Albert Morán | 0-0: Foul Ball, location: 2F 0-1: Ball Tony Pulla is caught stealing 2nd base 1-1: Swinging Strike 1-2: Strikes out swinging | Bottom of the 6th over - 0 runs, 1 hit, 0 errors, 0 left on base; Scottsdale 2 - Pensacola 0 | TOP OF THE 7TH |
---|
Scottsdale Scorpions batting - Pitching for Pensacola Pilots : LHP Paul Mallette | Batting: RHB Robinson Fernández | 0-0: Ball 1-0: Ball 2-0: Foul Ball, location: 2F 2-1: Foul Ball, location: 2F 2-2: Foul Ball, location: 2F 2-2: Ball 3-2: Base on Balls | Batting: RHB Daniel Bennett | 0-0: Ball 1-0: Ball Wild Pitch! Robinson Fernández to second 2-0: Ball 3-0: Called Strike 3-1: SINGLE (Groundball, 34D) Robinson Fernández to third Runner from 3rd tries for Home, SAFE, no throw | Batting: RHB Alan Evans | 0-0: Ball 1-0: SINGLE (Groundball, 56D) Daniel Bennett to second | Pitching: RHP Don Anderson | | Batting: RHB Manny Moreno | 0-0: Called Strike 0-1: Ball 1-1: Ball 2-1: Ball 3-1: Called Strike 3-2: Ground out 4-3 (Groundball, 4MS) Daniel Bennett to third Alan Evans to second | Batting: RHB José Martínez | 0-0: Ball 1-0: Ball 2-0: Foul Ball, location: 2F 2-1: Fly out, F7 (Flyball, 7S) | Batting: SHB Juan Gonzáles | 0-0: Called Strike 0-1: Ball 1-1: Ball 2-1: Ground out 5-3 (Groundball, 56) | Top of the 7th over - 1 run, 2 hits, 0 errors, 2 left on base; Scottsdale 3 - Pensacola 0 | BOTTOM OF THE 7TH |
---|
Pensacola Pilots batting - Pitching for Scottsdale Scorpions : LHP Perry Harris | Now in LF: Bartolo Baruffaldi | | Batting: LHB Freddy Torres | 0-0: Foul Ball, location: 2F 0-1: Swinging Strike 0-2: Strikes out swinging | Batting: RHB Pietro Ciccoritti | 0-0: Ball 1-0: Called Strike 1-1: Swinging Strike 1-2: Foul Ball, location: 2F 1-2: Ball 2-2: Foul Ball, location: 2F 2-2: Ball 3-2: Foul Ball, location: 2F 3-2: Base on Balls | Batting: RHB Jim Doyle | 0-0: Ball 1-0: Grounds into double play, 5-4-3 (Groundball, 56) | Bottom of the 7th over - 0 runs, 0 hits, 0 errors, 0 left on base; Scottsdale 3 - Pensacola 0 | TOP OF THE 8TH |
---|
Scottsdale Scorpions batting - Pitching for Pensacola Pilots : RHP Don Anderson | Batting: RHB Ronald Smith | 0-0: Ball 1-0: Hit by Pitch | Batting: LHB Manny Vigil | 0-0: Foul Ball, location: 2F 0-1: Reached via error on a dropped throw, E1 Ronald Smith to second | Batting: RHB Derek Hartman | 0-0: Ball 1-0: Ball 2-0: Ball 3-0: Called Strike 3-1: Called Strike 3-2: Strikes out swinging | Batting: RHB Robinson Fernández | 0-0: Called Strike 0-1: Ball 1-1: SINGLE (Line Drive, 56) Ronald Smith to third Manny Vigil to second Runner from 3rd tries for Home, SAFE, no throw | Batting: RHB Daniel Bennett | 0-0: Foul Ball, location: 2F 0-1: Called Strike 0-2: Ball 1-2: 3-RUN HOME RUN (Flyball, 9LD), Distance : 371 ft | Batting: RHB Alan Evans | 0-0: Fly out, F7 (Flyball, 7LM) | Batting: LHB Bartolo Baruffaldi | 0-0: Foul Ball, location: 2F 0-1: Ball 1-1: Ball 2-1: Fly out, F8 (Flyball, 8RS) | Top of the 8th over - 4 runs, 2 hits, 1 error, 0 left on base; Scottsdale 7 - Pensacola 0 | BOTTOM OF THE 8TH |
---|
Pensacola Pilots batting - Pitching for Scottsdale Scorpions : LHP Perry Harris | Batting: RHB Felipe Palácios | 0-0: Called Strike 0-1: Ball 1-1: SINGLE (Groundball, 56) (infield hit) | Batting: RHB Carson Allen | 0-0: Called Strike 0-1: Ball 1-1: Foul Ball, location: 2F 1-2: SINGLE (Groundball, 6MD) Felipe Palácios to second Runner from 2nd tries for 3rd, SAFE, throw made to third | Batting: SHB Jack Hendrix | 0-0: Ball 1-0: Called Strike 1-1: Swinging Strike 1-2: Ball 2-2: Ball 3-2: Foul Ball, location: 2F 3-2: Base on Balls Carson Allen to second | Batting: SHB Carlos González | 0-0: Ball 1-0: Ball 2-0: Fly out, F7 (Flyball, 7S) | Batting: RHB Tony Pulla | 0-0: Ball 1-0: Ball 2-0: Swinging Strike 2-1: Fielders Choice at 3rd, U5 (Groundball, 5L) Felipe Palácios scores Jack Hendrix to second | Pitching: RHP Raúl Alonzo | | Batting: RHB Albert Morán | 0-0: Ball 1-0: Ball 2-0: Foul Ball, location: 2F 2-1: Foul Ball, location: 2F 2-2: Ball 3-2: DOUBLE (Line Drive, 9LM) Jack Hendrix scores Tony Pulla to third Tony Pulla scores | Batting: LHB Freddy Torres | 0-0: Called Strike 0-1: Ball 1-1: Swinging Strike 1-2: Fly out, F8 (Line Drive, 78D) | Bottom of the 8th over - 3 runs, 3 hits, 0 errors, 1 left on base; Scottsdale 7 - Pensacola 3 | TOP OF THE 9TH |
---|
Scottsdale Scorpions batting - Pitching for Pensacola Pilots : RHP Don Anderson | Pitching: RHP Don McLise | | Batting: RHB José Martínez | 0-0: Ball 1-0: Ground out 1-3 (Groundball, 13) | Batting: SHB Juan Gonzáles | 0-0: Ball 1-0: Ball 2-0: Ball 3-0: Base on Balls | Batting: RHB Ronald Smith | 0-0: SINGLE (Line Drive, 8LS) Juan Gonzáles to second | Batting: LHB Manny Vigil | 0-0: Ball Throwing error on steal attempt, E2 Juan Gonzáles scores Ronald Smith to third 1-0: Ball 2-0: Ball 3-0: Swinging Strike 3-1: Called Strike 3-2: Strikes out swinging | Batting: RHB Derek Hartman | 0-0: SINGLE (Line Drive, 7S) Ronald Smith scores | Batting: RHB Robinson Fernández | 0-0: Ball 1-0: Fly out, F3 (Popup, 34S) | Top of the 9th over - 2 runs, 2 hits, 1 error, 1 left on base; Scottsdale 9 - Pensacola 3 | BOTTOM OF THE 9TH |
---|
Pensacola Pilots batting - Pitching for Scottsdale Scorpions : RHP Raúl Alonzo | Batting: RHB Pietro Ciccoritti | 0-0: Called Strike 0-1: SINGLE (Line Drive, 89S) | Batting: RHB Jim Doyle | 0-0: Ball 1-0: Ball 2-0: Ball 3-0: Called Strike 3-1: Base on Balls Pietro Ciccoritti to second | Batting: RHB Felipe Palácios | 0-0: SINGLE (Line Drive, 4D) Pietro Ciccoritti to third Jim Doyle to second | Batting: RHB Carson Allen | 0-0: Ball 1-0: Called Strike 1-1: Ball 2-1: Fly out, F9 (Flyball, 9) Runner from 3rd tags up, SCORES, no throw | Batting: SHB Jack Hendrix | 0-0: Called Strike 0-1: Swinging Strike 0-2: Foul Ball, location: 2F 0-2: Foul Ball, location: 2F 0-2: Strikes out swinging | Batting: SHB Carlos González | 0-0: Ball 1-0: Foul Ball, location: 2F 1-1: Fly out, F5 (Popup, 56S) | Bottom of the 9th over - 1 run, 2 hits, 0 errors, 2 left on base; Scottsdale 9 - Pensacola 4 | |